 Dungeon Crawl Stone Soup version 0.21-a0-522-ga8338f0 (webtiles) character file.

868 Gerstahl the Chiller (level 8, -4/62 HPs)
             Began as a Naga Ice Elementalist on Dec 6, 2017.
             Was an Initiate of Ashenzari.
             Slain by a centaur (8 damage)
             ... on level 6 of the Dungeon.
             The game lasted 00:09:48 (5541 turns).

Gerstahl the Chiller (Naga Ice Elementalist)        Turns: 5541, Time: 00:09:48

Health: -4/62      AC:  4    Str: 11    XL:     8   Next: 3%
Magic:  10/15      EV: 10    Int: 18    God:    Ashenzari [......]
Gold:   163        SH:  0    Dex: 11    Spells: 10/17 levels left

rFire    . . .     SeeInvis +   (no weapon)
rCold    . . .     Gourm    .   (no shield)
rNeg     . . .     Faith    .   a - +0 robe
rPois    +         Spirit   .   t - +1 hat
rElec    .         Reflect  .   (no cloak)
rCorr    .         Harm     .   (no gloves)
MR       +....                  (no barding)
Stlth    ++........             (no amulet)
HPRegen  0.20/turn              (no ring)
MPRegen  0.14/turn              (no ring)

@: very slow
A: large, see invisible, deformed body, poison resistance, slowness 2, slow
metabolism 1, spit poison 1, AC +2
a: Spit Poison, Curse Item, Renounce Religion


You were on level 6 of the Dungeon.
You worshipped Ashenzari.
Ashenzari was noncommittal.
You were very hungry.

You visited 1 branch of the dungeon, and saw 6 of its levels.

You collected 163 gold pieces.

Inventory:

Armour
 a - a +0 robe (worn)
 t - a +1 hat (worn)
Wands
 e - a wand of disintegration (12)
Scrolls
 d - 2 scrolls of identify
 h - 2 scrolls of teleportation
 j - 2 scrolls of fear
 m - a scroll of remove curse
 p - a scroll of torment {unknown}
 w - a scroll of amnesia
Potions
 f - a potion of ambrosia {unknown}
 g - a potion of might
 k - a potion of heal wounds
 n - a potion of cancellation
 o - a potion of flight {unknown}
 q - a potion of agility {unknown}
 r - a potion of curing
 s - a potion of brilliance {unknown}
 u - a potion of invisibility {unknown}
 v - a potion of berserk rage {unknown}
Books
 b - a book of Frost

   Spells                             Type                      Level
   a - Freeze                         Ice                          1
   b - Throw Frost                    Conjuration/Ice              2
   c - Ozocubu's Armour               Charms/Ice                   3
   d - Throw Icicle                   Conjuration/Ice              4
   e - Summon Ice Beast               Ice/Summoning                4
Comestibles
 c - 3 bread rations
 i - 2 meat rations
 l - 10 fruits
 x - 2 royal jellies


   Skills:
 - Level 1.5 Dodging
 - Level 3.0 Stealth
 + Level 5.1 Spellcasting
 + Level 4.8 Conjurations
 + Level 5.9 Ice Magic


You had 10 spell levels left.
You knew the following spells:

 Your Spells              Type           Power        Failure   Level  Hunger
a - Freeze                Ice            ####         1%          1    None
b - Throw Frost           Conj/Ice       ###...       2%          2    #......
c - Throw Icicle          Conj/Ice       ###.....     14%         4    ####...


Dungeon Overview and Level Annotations

Branches:
Dungeon (6/15)             Temple (0/1) D:5

Altars:
Ashenzari
Cheibriados
Gozag
Makhleb
Yredelemnul
Zin
The Shining One


Innate Abilities, Weirdness & Mutations

You cannot wear boots.
Your serpentine skin is tough. (AC +2)
You have supernaturally acute eyesight. (SInv)
Armour fits poorly on your strangely shaped body.
Your system is resistant to poisons. (rPois)
You cover ground very slowly.
You have a slow metabolism.
You can spit poison.


Message History

Casting: Freeze
Confirm with . or Enter, or press ? or * to list all spells.
Aiming: Freeze
Press: ? - help, Shift-Dir - straight line, f/p - centaur
Aim: a centaur (heavily wounded)
You freeze the centaur.
The centaur is severely wounded.
The centaur hits you!
* * * LOW HITPOINT WARNING * * *
Casting: Freeze
Confirm with . or Enter, or press ? or * to list all spells.
Aiming: Freeze
Press: ? - help, Shift-Dir - straight line, f/p - centaur
Aim: a centaur (severely wounded)
You freeze the centaur.
The centaur is almost dead.
The centaur hits you.
* * * LOW HITPOINT WARNING * * *
The centaur hits you!
You die...

..# ##.## ##..## #.. #
#..## ##..####..
#...#####...##...
#................
#..###.....####..
##.## ####..# #.. #((#
#..# ##.. ##)#####
#..# #... #.@....#
#..###..#
#.c......##.. #...#
........... ..#....
#............ ........
##....................
#....!.............##
..................#
.....................#
................


You could see a centaur.

Vanquished Creatures
  Sigmund (D:5)
  An ogre (D:5)
  A centaur (D:6)
  A bullfrog (D:6)
  2 scorpions
  3 crimson imps (D:5)
  A jelly (D:6)
  A bullfrog skeleton (D:5)
  2 orc wizards
  A centaur skeleton (D:5)
  Ijyb (D:5)
  A worker ant (D:6)
  2 adders
  A worm (D:3)
  A dart slug (D:1)
  10 orcs
  2 ball pythons
  3 giant cockroaches
  10 goblins
  8 hobgoblins
  4 jackals (D:1)
  2 kobolds (D:1)
  2 quokkas
  3 bats
  2 frilled lizards
  2 quokka skeletons (D:4)
  A quokka zombie (D:4)
  10 rats
79 creatures vanquished.

Vanquished Creatures (others)
  4 toadstools (D:1)
4 creatures vanquished.

Grand Total: 83 creatures vanquished

Notes
Turn   | Place    | Note
-------+----------+-------------------------------------------
     0 | D:1      | Gerstahl the Naga Ice Elementalist began the quest for the Orb.
     0 | D:1      | Reached XP level 1. HP: 15/15 MP: 3/3
   349 | D:1      | Reached XP level 2. HP: 19/22 MP: 0/5
   858 | D:1      | Learned a level 2 spell: Throw Frost
   894 | D:1      | Reached XP level 3. HP: 12/28 MP: 0/6
  1595 | D:2      | Found a glowing silver altar of Zin.
  1980 | D:2      | Found an opulent altar of Gozag.
  2367 | D:3      | Reached XP level 4. HP: 30/36 MP: 6/8
  3199 | D:4      | Found a basalt altar of Yredelemnul.
  3388 | D:5      | Entered Level 5 of the Dungeon
  3388 | D:5      | Noticed an ogre
  3398 | D:5      | Killed an ogre
  3398 | D:5      | Reached XP level 5. HP: 42/42 MP: 1/10
  3506 | D:5      | Reached XP level 6. HP: 46/49 MP: 2/11
  3755 | D:5      | Noticed Ijyb
  4032 | D:5      | Found a snail-covered altar of Cheibriados.
  4124 | D:5      | Noticed Sigmund
  4144 | D:5      | Killed Sigmund
  4144 | D:5      | Reached skill level 5 in Ice Magic
  4144 | D:5      | Reached XP level 7. HP: 38/55 MP: 0/13
  4248 | D:5      | Learned a level 4 spell: Throw Icicle
  4429 | D:5      | Found a glowing golden altar of the Shining One.
  4469 | D:5      | Found a burning altar of Makhleb.
  4625 | D:5      | Killed Ijyb
  4672 | D:5      | Found a shattered altar of Ashenzari.
  4858 | D:5      | Became a worshipper of Ashenzari the Shackled
  4971 | D:5      | Found a staircase to the Ecumenical Temple.
  5320 | D:6      | Reached skill level 5 in Spellcasting
  5535 | D:6      | Reached XP level 8. HP: 38/62 MP: 12/15
  5541 | D:6      | Slain by a centaur

Vault maps used:
D:1:      ldierk_walled_garden_2, minmay_split_cup_large
D:2:      lemuel_crystal_altar, first_bread, nicolae_gozag_seed_capital
D:4:      kennysheep_mini
D:5:      nicolae_ashenzari_panopticon, nicolae_overflow_hidden_temple,
          lemuel_crystal_altar, old_standard_altar, temple_hall, uniq_ijyb,
          uniq_sigmund

Skill      XL: |  1  2  3  4  5  6  7 |
---------------+----------------------+-----
Spellcasting   | 3 4 5 |  5.1
Conjurations   | 2 4 |  4.8
Ice Magic      | 4 5 |  5.9
Dodging        | |  1.5
Stealth        | |  3.0

Action                   |  1- 3 |  4- 6 |  7- 9 || total
-------------------------+-------+-------+-------++-------
Melee: Unarmed           |    29 |    56 |    17 ||   102
 Cast: Freeze            |    50 |    51 |    18 ||   119
       Throw Frost       |     2 |    11 |     5 ||    18
 Abil: Spit Poison       |    10 |    14 |     7 ||    31
Evoke: Wand              |       |       |     2 ||     2
  Use: Scroll            |     1 |     8 |       ||     9
       Potion            |       |     2 |       ||     2
 Stab: Sleeping          |     2 |     1 |     1 ||     4
  Eat: Bread ration      |     1 |       |       ||     1
       Chunk             |       |     5 |     1 ||     6
       Royal jelly       |       |       |     1 ||     1
Armor: Robe              |    20 |    18 |     7 ||    45
Dodge: Dodged            |    45 |    39 |    12 ||    96

Table legend:
 A = Spawn XP
 B = Non-spawn XP
 C = Spawn XP percentage of total XP
 D = Spawn monster count
 E = Non-spawn monster count
 F = Spawn count percentage of total count
 G = Total turns spent on level
                    A         B        C        D         E        F      G
               +---------+---------+-------+---------+---------+-------+---------
         Total |       0 |    1240 |   0.0 |       0 |      79 |   0.0 |  5541
               +---------+---------+-------+---------+---------+-------+---------
           D:1 |       0 |      43 |   0.0 |       0 |      25 |   0.0 |  1563
           D:2 |       0 |      17 |   0.0 |       0 |      11 |   0.0 |   469
           D:3 |       0 |      75 |   0.0 |       0 |      11 |   0.0 |   869
           D:4 |       0 |      23 |   0.0 |       0 |       8 |   0.0 |   489
           D:5 |       0 |     730 |   0.0 |       0 |      18 |   0.0 |  1703
           D:6 |       0 |     352 |   0.0 |       0 |       6 |   0.0 |   448
               +---------+---------+-------+---------+---------+-------+---------
